 Dungeon Crawl Stone Soup version 0.30-a0-347-gf58ed5266c (webtiles) character file.

Game seed: 13499651441889044174

441 porpoise the Poker (level 6, 0/49 HPs)
             Began as a Demonspawn Gladiator on Nov 7, 2022.
             Slain by an orc priest
             ... wielding a +0 club
              (3 damage)
             ... on level 5 of the Dungeon.
             The game lasted 00:12:40 (4138 turns).

porpoise the Poker (Demonspawn Gladiator)           Turns: 4138, Time: 00:12:41

Health: 0/49       AC:  7    Str: 16    XL:     6   Next: 70%
Magic:  0/6        EV: 11    Int:  9    God:
Gold:   219        SH:  0    Dex: 15    Spells: 5/5 levels left

rFire   . . .      SeeInvis .    a - +1 trident
rCold   . . .      Faith    .    (no shield)
rNeg    . . .      Spirit   +    s - +0 ring mail
rPois   .          Reflect  .    c - +0 helmet
rElec   .          Harm     .    (no cloak)
rCorr   .          Rampage  .    u - +0 pair of gloves
Will    .....                    (no boots)
Stlth   +.........               (no amulet)
HPRegen 0.28/turn                (no ring)
MPRegen 0.20/turn                (no ring)

@: no status effects
A: claws 2, magic shield, magic regeneration
a: no special abilities


You were on level 5 of the Dungeon.
You visited 2 branches of the dungeon, and saw 6 of its levels.

You collected 219 gold pieces.

Inventory:

Hand Weapons
 a - a +1 trident (weapon)
 b - a +0 sling
 o - a +4 spectral club
Missiles
 d - 3 throwing nets (quivered)
 e - a javelin
 f - 11 poisoned darts
Armour
 c - a +0 helmet (worn)
 p - a +1 robe of resistance
 s - a +0 ring mail (worn)
 u - a +0 pair of gloves (worn)
Scrolls
 k - 2 scrolls of magic mapping
 m - a scroll of enchant armour {unknown}
 n - a scroll of fear {unknown}
 q - a scroll of butterflies {unknown}
 t - a scroll of vulnerability {unknown}
 v - a scroll of immolation {unknown}
 x - a scroll of poison {unknown}
 y - a scroll of teleportation {unknown}
 A - a scroll of amnesia {unknown}
Potions
 g - 2 potions of berserk rage
 h - a potion of haste
 i - 2 potions of curing
 j - a potion of ambrosia {unknown}
 l - 2 potions of cancellation
 r - a potion of flight {unknown}
 w - a potion of heal wounds {unknown}
 z - 2 potions of degeneration {unknown}


   Skills:
 + Level 4.3 Fighting
 * Level 5.9 Polearms
 - Level 1.7 Throwing
 - Level 2.6 Dodging


You had 5 spell levels left.
You didn't know any spells.
Your spell library contained the following spells:

 Spells                   Type           Power      Damage    Failure   Level
 Blink                    Tloc           0%         N/A       75%         2
 Gell's Gravitas          Tloc           0%         N/A       93%         3
 Lesser Beckoning         Tloc           0%         N/A       93%         3
 Teleport Other           Tloc           0%         N/A       93%         3
 Manifold Assault         Tloc           0%         N/A       100%        4
 Storm Form               Tmut/Air       0%         N/A       100%        7


Dungeon Overview and Level Annotations

Branches:
Dungeon (5/15)             Temple (1/1) D:4

Altars:
Ashenzari
Cheibriados
Dithmenos
Fedhas
Gozag
Kikubaaqudgha
Makhleb
Okawaru
Qazlal
Ru
Sif Muna
Trog
Uskayaw
Vehumet
Wu Jian
Xom

Shops:
D:3 (


Innate Abilities, Weirdness & Mutations

You have very sharp fingernails.
When hurt, damage is shared between your health and your magic reserves.
You regenerate magic rapidly.


Message History

The orc priest is severely wounded.
The orc hits you with a +0 whip.
* * * LOW HITPOINT WARNING * * *
The orc wizard casts a spell.
The orc wizard flickers and vanishes!
Deactivating autopickup; reactivate with Ctrl-A.
The orc priest hits you but does no damage.
The orc priest looks satisfied for a moment.
You hit the orc.
The orc is almost dead.
The orc hits you but does no damage. The orc priest barely misses you.
You barely miss the orc.
The orc is almost dead.
The orc hits you but does no damage. The orc priest barely misses you.
You barely miss the orc priest.
The orc priest is severely wounded.
The orc barely misses you.
The orc priest calls upon Beogh to heal the orc priest.
The orc priest is healed somewhat.
You barely miss the orc.
The orc is almost dead.
The orc hits you but does no damage.
The orc priest hits you but does no damage.
The orc priest barely misses you.
As you read the scroll labelled GIHACK WIEFI, it crumbles to dust.
It is a scroll of enchant weapon.
Your +0 trident glows red for a moment.
The orc hits you with a +0 whip.
* * * LOW HITPOINT WARNING * * *
You hear some strange, mumbled words.
You are confused.
The orc priest calls upon Beogh to heal the orc.
The orc is healed somewhat.
The orc priest casts a cantrip, but nothing happens.
You feel better. The orc hits you but does no damage.
Something hits you but does no damage.
The orc priest mumbles some strange prayers to Beogh against you.
Pain shoots through your body!
* * * LOW HITPOINT WARNING * * *
The orc priest hits you with a +0 club.
You die...

######................
......................
..##.#..............#
#.##.#<.............##
#..#.................
...................#
................#..#######
...............ooo........
................@.....#
#...............##.#......
#....)..........##........
#.........................
##...).......)...#.#[#...o
#.......#.....####.#.. ...
#.#####................ ..
#. #.##<......... ... $
........##.......... ...$


You could see 2 orc priests and an orc.

Vanquished Creatures
  A centaur (D:5)
  A scorpion (D:5)
  A hound (D:4)
  An iguana (D:5)
  Jessica (D:2)
  An orc wizard (D:3)
  12 adders
  11 orcs
  5 bats
  8 endoplasms
  3 giant cockroaches
  3 hobgoblins
  3 jackals
  A quokka (D:1)
  10 ball pythons
  3 frilled lizards (D:2)
  5 goblins
  9 kobolds
  5 rats
84 creatures vanquished.

Notes
Turn   | Place    | Note
-------+----------+-------------------------------------------
     0 | D:1      | porpoise the Demonspawn Gladiator began the quest for the
                  | Orb.
     0 | D:1      | Reached XP level 1. HP: 16/16 MP: 1/1
   360 | D:1      | Found a faded altar of an unknown god.
   403 | D:1      | Reached skill level 3 in Polearms
   410 | D:1      | Gained mutation: You have sharp fingernails. [demonic
                  | ancestry]
   410 | D:1      | Reached XP level 2. HP: 19/22 MP: 2/2
  1044 | D:2      | Noticed Jessica
  1050 | D:2      | Killed Jessica
  1051 | D:2      | Gained mutation: You have very sharp fingernails. [demonic
                  | ancestry]
  1051 | D:2      | Reached XP level 3. HP: 17/28 MP: 3/3
  1189 | D:2      | HP: 1/28 [orc/+0 hand axe (3)]
  1461 | D:2      | Reached skill level 4 in Polearms
  1461 | D:2      | Gained mutation: You regenerate magic rapidly. [demonic
                  | ancestry]
  1461 | D:2      | Reached XP level 4. HP: 33/34 MP: 4/4
  1801 | D:2      | Reached XP level 5. HP: 41/41 MP: 5/5
  2273 | D:3      | Found an ornate altar of the Wu Jian Council.
  2382 | D:3      | Found Tisis's Antique Weapon Shop.
  2983 | D:4      | Reached skill level 5 in Polearms
  3360 | D:4      | Found a staircase to the Ecumenical Temple.
  3370 | Temple   | Entered the Ecumenical Temple
  3791 | D:4      | Gained mutation: When hurt, damage is shared between your
                  | health and your magic reserves. [demonic ancestry]
  3791 | D:4      | Reached XP level 6. HP: 43/48 MP: 6/6
  3850 | D:5      | Entered Level 5 of the Dungeon
  4137 | D:5      | HP: 2/49 [orc/+0 whip (3)]
  4138 | D:5      | Slain by an orc priest

Illustrated notes

Levels and vault maps discovered:
D:1:      dpeg_arrival_rhombus, layout_basic, ebering_ecumenical_altar_hall,
          minmay_tripent
D:2:      layout_basic, minmay_snake_closets, uniq_jessica
D:3:      minmay_skewed_foursquare, layout_basic,
          mainiacjoe_overflow_concentric_impassable, serial_shops, shop
D:4:      layout_rooms, minmay_temple_entry_junction
D:5:      layout_rooms, kennysheep_ying_yang, minmay_misc_feat_room,
          goddamned_bats
Temple:   bh_familiar_temple

Skill      XL: |  1  2  3  4  5  6 |
---------------+-------------------+-----
Polearms       | 3 4 5 |  5.9
Fighting       | 3 4 |  4.3
Throwing       | |  1.7
Dodging        | |  2.6

Action                   |  1- 3 |  4- 6 || total
-------------------------+-------+-------++-------
Melee: Trident           |    68 |   233 ||   301
       Club              |    14 |       ||    14
 Fire: Sling             |     7 |     3 ||    10
  Use: Potion            |     1 |     1 ||     2
       Scroll            |       |     5 ||     5
 Stab: Sleeping          |     1 |       ||     1
Armor: Leather armour    |    13 |       ||    13
       Ring mail         |     3 |    78 ||    81
Dodge: Dodged            |    37 |   119 ||   156

Table legend: (Time is in decaauts)
 A = Elapsed time spent in this place.
 B = Non-inter-level travel time spent in this place.
 C = Inter-level travel time spent in this place.
 D = Time resting spent in this place.
 E = Time spent auto-exploring this place.
 F = Levels seen in this place.
 G = Mean time per level.
                   A        B        C        D        E       F      G
               +--------+--------+--------+--------+--------+-----+--------+
         Total |   4145 |   4034 |    111 |    659 |   2534 |   6 |  690.8 |
       Dungeon |   3968 |   3877 |     91 |    659 |   2383 |   5 |  793.6 |
        Temple |    176 |    156 |     20 |      0 |    151 |   1 |  176.0 |
               +--------+--------+--------+--------+--------+-----+--------+

Top non-repeatable levels by time:
     D:2: 1108 daAuts
     D:1: 1051 daAuts
     D:3: 882 daAuts
     D:4: 639 daAuts
     D:5: 287 daAuts
  Temple: 176 daAuts
